AoeStats
← Comend x comend

Nomad

509029076Analyzed
4v4 RM · 6d ago on Sep 25, 2026· 47m 6s· 8 players
Game mode
Random Map
Map size
231×231
Population
200
Speed
Normal
Resources
Standard
Victory
Conquest
Starting age
Dark Age
Ending age
Imperial Age
RankedLock teamsTeams togetherTeam positionsShared explorationLock speedFull tech treeHidden civsTurbo modeCheats
Victory
Defeat
🇺🇸 Varangians · United States
1384
+14
🇵🇪 Celts · Peru
1352
+16
1320
+17
🇨🇳 Spanish · China
1305
+18
🇨🇴 Danes · Colombia
1403
-19
🇲🇽 Koreans · Mexico
1387
-18
🇺🇸 Britons · United States
1342
-16
🇺🇸 Spanish · United States
1251
-12
Grumpy_Beto
4:35 Loom
14:23 Feudal Age
15:21 Double-Bit Axe
16:14 Fishing Lines
24:03 Castle Age
21:50 Horse Collar
22:06 Gold Mining
24:55 Forging
24:48 Scale Mail Armor
25:17 Bow Saw
25:06 Gillnets
26:23 Town Watch
27:13 Wheelbarrow
28:09 Medium Warships
29:16 Heavy Plow
29:24 Scale Barding Armor
33:54 Imperial Age
31:36 Husbandry
32:35 Hand Cart
34:04 Cavalier
34:55 Bloodlines
35:26 Chain Barding Armor
35:42 Iron Casting
35:50 Vendel Legacy
37:54 Two-Man Saw
37:37 Conscription
40:05 Plate Barding Armor
40:31 Blast Furnace
40:35 Light Cavalry
41:52 Hussar
43:31 Chain Mail Armor
Comend x comend
10:53 Loom
13:30 Feudal Age
14:26 Double-Bit Axe
16:12 Fishing Lines
19:54 Castle Age
22:34 Wheelbarrow
22:47 Stone Mining
24:20 Hand Cart
25:04 Stone Shaft Mining
24:17 Horse Collar
33:28 Imperial Age
31:50 Bow Saw
33:47 Forging
33:37 Scale Mail Armor
33:59 Elite Woad Raider
36:59 Chain Mail Armor
39:39 Iron Casting
39:34 Plate Mail Armor
43:18 Blast Furnace
43:54 Capped Ram
44:58 Siege Ram
46:39 Furor Celtica
46:38 Stronghold
精锐磁暴步兵
12:09 Loom
15:39 Feudal Age
16:10 Double-Bit Axe
16:07 Fishing Lines
16:26 Gold Mining
19:33 Town Watch
22:26 Castle Age
20:23 Stone Mining
23:25 Scale Barding Armor
23:31 Bow Saw
23:14 Gillnets
24:16 Stone Shaft Mining
25:05 Medium Warships
27:42 Wheelbarrow
29:50 Imperial Age
29:34 Chain Barding Armor
29:15 Padded Archer Armor
29:25 Forging
29:53 Clinker Construction
30:53 Husbandry
31:03 Bloodlines
32:21 Iron Casting
32:39 Leather Archer Armor
32:25 Squires
31:46 Pikeman
32:11 Arson
33:14 Hand Cart
32:20 Cavalier
33:36 Plate Barding Armor
33:23 Conscription
34:07 Two-Man Saw
34:32 Chemistry
34:55 Blast Furnace
34:17 Horse Collar
35:07 Fervor
35:49 Heavy Warships
35:28 Heavy Plow
35:51 Carvel Hull
36:24 Ring Archer Armor
35:44 Fletching
35:44 Elite Cannon Galleon
37:45 Supremacy
36:59 Man-at-Arms
37:25 Gambesons
37:44 Long Swordsman
38:26 Scale Mail Armor
38:15 Two-Handed Swordsman
39:30 Chain Mail Armor
38:59 Champion
40:48 Plate Mail Armor
41:08 Paladin
43:06 Ballistics
42:37 Elite Skirmisher
43:14 Bodkin Arrow
43:48 Thumb Ring
44:21 Bracer
45:00 Light Cavalry
神速デュバリィ
7:49 Loom
8:58 Double-Bit Axe
14:44 Feudal Age
14:06 Gold Mining
20:53 Castle Age
19:29 Bow Saw
19:56 Horse Collar
21:29 Cavalier
22:10 Husbandry
22:46 Fervor
23:32 Scale Barding Armor
23:38 Forging
23:37 Heavy Plow
23:52 Stone Mining
26:56 Chain Barding Armor
27:38 Gold Shaft Mining
29:15 Wheelbarrow
34:02 Two-Man Saw
33:51 Fletching
34:37 Iron Casting
34:33 Hand Cart
35:27 Treadmill Crane
36:23 Herbal Medicine
39:28 Imperial Age
Huichotzin
4:41 Loom
5:11 Loom
12:57 Feudal Age
13:29 Fishing Lines
14:44 Gold Mining
15:50 Double-Bit Axe
19:44 Castle Age
18:42 Horse Collar
21:47 Heavy Plow
26:24 Bow Saw
26:53 Fletching
28:01 Town Watch
30:03 Wheelbarrow
31:52 Hand Cart
35:52 Imperial Age
33:17 Stone Mining
34:39 Stone Shaft Mining
34:40 Gold Shaft Mining
33:27 Crossbowman
34:42 Bodkin Arrow
35:10 Squires
34:30 Pikeman
34:56 Arson
35:27 Thumb Ring
36:56 Ballistics
36:29 Arbalester
39:22 Chemistry
39:28 Conscription
41:44 Two-Man Saw
43:23 Capped Ram
44:07 Halberdier
45:14 Eupseong
.Bast
13:44 Feudal Age
15:17 Fishing Lines
17:47 Castle Age
15:37 Double-Bit Axe
16:55 Forging
19:01 Bow Saw
18:33 Horse Collar
20:48 Town Watch
23:16 Wheelbarrow
24:33 Fletching
26:44 Gold Mining
31:34 Imperial Age
29:19 Bodkin Arrow
29:24 Scale Mail Armor
30:03 Padded Archer Armor
29:25 Pikeman
29:51 Arson
32:06 Chain Mail Armor
32:18 Bracer
32:36 Chain Mail Armor
32:43 Conscription
34:07 Chemistry
32:51 Halberdier
34:51 Ballistics
34:31 Crossbowman
37:45 Plate Mail Armor
37:56 Squires
39:04 Forging
39:11 Leather Archer Armor
38:58 Arbalester
40:34 Iron Casting
39:56 Man-at-Arms
40:21 Gambesons
43:48 Blast Furnace
43:19 Ring Archer Armor
42:50 Long Swordsman
43:59 Masonry
44:14 Two-Handed Swordsman
45:59 Hand Cart
Beller
5:11 Loom
14:33 Feudal Age
18:54 Castle Age
18:04 Double-Bit Axe
20:43 Horse Collar
23:35 Wheelbarrow
33:30 Imperial Age
Dadagama
5:12 Loom
12:45 Feudal Age
17:57 Castle Age
17:19 Wheelbarrow
20:53 Horse Collar
20:59 Double-Bit Axe
25:16 Hand Cart
25:03 Heavy Plow
29:59 Bow Saw
29:37 Town Watch
30:04 Forging
29:54 Scale Mail Armor
33:24 Imperial Age
30:33 Man-at-Arms
31:01 Gambesons
31:03 Arson
31:18 Squires
31:55 Iron Casting
31:34 Long Swordsman
33:45 Chain Mail Armor
33:44 Gold Mining
33:48 Two-Handed Swordsman
Connection lost

Rejoining the realm…

Still unreachable

The connection could not be restored.

Session expired

The server has moved on; the page needs a fresh start.